 Dungeon Crawl Stone Soup version 0.20.0-8-g6b59dc7 (webtiles) character file.

211 Monsterracer the Chopper (level 5, 0/46 HPs)
             Began as a Deep Dwarf Fighter on May 30, 2017.
             Killed from afar by an orc wizard (2 damage)
             ... with a magic dart
             ... on level 3 of the Dungeon.
             The game lasted 00:10:49 (1737 turns).

Monsterracer the Chopper (Deep Dwarf Fighter)       Turns: 1737, Time: 00:10:49

Health: 0/46       AC: 13    Str: 24 (25) XL:     5   Next: 57%
Magic:  5/5        EV:  5    Int:  8      God:
Gold:   120        SH: 10    Dex: 13      Spells: 4/4 levels left

rFire    . . .     SeeInvis .   a - +0 war axe
rCold    . . .     Gourm    .   c - +0 shield
rNeg     . . .     Faith    .   h - +0 chain mail
rPois    .         Spirit   .   (no helmet)
rElec    .         Reflect  .   q - +0 cloak
rCorr    .         Harm     .   b - +2 pair of gloves
MR       .....                  (no boots)
Stlth    ..........             (no amulet)
Regen    0.0/turn               (no ring)
MPRegen  0.1/turn               (no ring)

@: mighty, non-regenerating
A: damage resistance, heal wounds, sense surroundings 1, no regeneration
a: Heal Wounds


You were on level 3 of the Dungeon.
You were not hungry.

You visited 1 branch of the dungeon, and saw 3 of its levels.

You collected 120 gold pieces.

Inventory:

Hand Weapons
 a - a +0 war axe (weapon)
Armour
 b - a +2 pair of gloves (worn)
 c - a +0 shield (worn)
 h - a +0 chain mail (worn)
 m - a +3 leather armour
 q - a +0 cloak (worn)
Scrolls
 e - 2 scrolls of remove curse {unknown}
 g - 5 scrolls of identify {unknown}
 i - 3 scrolls of random uselessness {unknown}
 j - 2 scrolls of enchant weapon {unknown}
 k - 2 scrolls of fog {unknown}
 o - a scroll of magic mapping {unknown}
Potions
 n - a potion of resistance
Comestibles
 f - a bread ration
 l - 2 meat rations


   Skills:
 - Level 2.6 Fighting
 + Level 6.5 Axes
 - Level 3.2 Armour
 - Level 3.2 Shields


You had 4 spell levels left.
You didn't know any spells.

Dungeon Overview and Level Annotations

Branches:
Dungeon (3/15)

Altars:


Innate Abilities, Weirdness & Mutations

You are resistant to damage.
You can heal yourself by infusing magical energy.
You passively map a small area around you.
You do not regenerate.


Message History

Beogh smites you!
* * * LOW HITPOINT WARNING * * *
Your shield and chain mail prevent you from hitting the orc priest.
The orc priest is heavily wounded.
The orc priest calls down the wrath of Beogh upon you.
Pain shoots through your body!
* * * LOW HITPOINT WARNING * * *
You slash the orc priest!
You kill the orc priest!
You feel your dexterity returning.
You slash the orc!
You kill the orc!
You block the orc wizard's attack.
Your shield and chain mail prevent you from hitting the orc wizard.
The orc wizard barely misses you.
You closely miss the orc wizard.
The orc wizard hits you but does no damage.
The orc wizard gestures at you while chanting.
The magic dart hits you!
You die...

, ..#.* #.### * *
#+##.###.# ,, #.##..##.#
,* * ######.# #.##.# *
### .......###..#.###
...., #######..[........
..... o.^.....####...###
......#######.#.........
......o@......#.###..###
#.###########.#......# ,
, * * #.#..#.#.## , ,, ,
#.#..#.#..# , , , *
#.#..#.#..## ,, * ,
#.#..#.#..รท. , ,,
#.#..#.#.... *
.#..#.##..# #..#.##...


You could see an orc wizard.

Vanquished Creatures
  An orc priest (D:3)
  An orc wizard (D:3)
  4 gnolls (D:3)
  3 adders
  An ooze (D:3)
  3 worms
  4 dart slugs
  4 leopard geckos
  6 orcs (D:3)
  6 bats
  5 giant cockroaches
  4 hobgoblins
  2 jackals (D:1)
  5 kobolds
  2 ball pythons
  7 goblins
  3 rats
61 creatures vanquished.

Notes
Turn   | Place    | Note
-------+----------+-------------------------------------------
     0 | D:1      | Monsterracer the Deep Dwarf Fighter began the quest for the Orb.
     0 | D:1      | Reached XP level 1. HP: 20/20 MP: 1/1
    73 | D:1      | Reached skill level 3 in Axes
    98 | D:1      | Reached XP level 2. HP: 17/27 MP: 2/2
   577 | D:2      | Reached XP level 3. HP: 15/33 MP: 3/3
   606 | D:2      | Reached skill level 4 in Axes
   879 | D:2      | Reached XP level 4. HP: 14/40 MP: 4/4
  1116 | D:3      | Reached skill level 5 in Axes
  1449 | D:3      | Reached XP level 5. HP: 29/46 MP: 5/5
  1476 | D:3      | Reached skill level 6 in Axes
  1733 | D:3      | HP: 2/46 [orc priest/nerve-wracking pain (11)]
  1737 | D:3      | Killed from afar by an orc wizard

Skill      XL: |  1  2  3  4  5 |
---------------+----------------+-----
Axes           | 3 4 5 6 |  6.5
Fighting       | |  2.6
Armour         | |  3.2
Shields        | |  3.2

Action                   |  1- 3 |  4- 6 || total
-------------------------+-------+-------++-------
Melee: War axe           |   143 |   106 ||   249
 Abil: Heal Wounds       |       |     2 ||     2
  Use: Potion            |     3 |     1 ||     4
  Eat: Chunk             |       |     3 ||     3
Armor: Scale mail        |    14 |       ||    14
       Chain mail        |    77 |    61 ||   138
Dodge: Dodged            |    32 |    19 ||    51
Block: Shield            |    90 |    37 ||   127
